 Dungeon Crawl Stone Soup version 0.27-a0-279-gdfb9265905 (webtiles) character file.

Game seed: 14179209431211865241

2031 HoaS the Cruncher (level 9, -6/48 HPs)
             Began as a Gargoyle Gladiator on Feb 7, 2021.
             Mangled by a yak (7 damage)
             ... on level 5 of the Dungeon.
             The game lasted 00:12:42 (6127 turns).

HoaS the Cruncher (Gargoyle Gladiator)              Turns: 6127, Time: 00:12:42

Health: -6/48      AC: 16    Str: 20    XL:     9   Next: 23%
Magic:  0/9        EV:  8    Int:  9    God:
Gold:   292        SH:  0    Dex: 12    Spells: 8/8 levels left

rFire    . . .     SeeInvis +   a - +0 quarterstaff
rCold    . . .     Faith    .   (shield currently unavailable)
rNeg     + . .     Spirit   +   b - +0 chain mail
rPois    ∞         Reflect  .   c - +0 helmet
rElec    +         Harm     .   f - +0 cloak
rCorr    .         Rampage  .   (no gloves)
Will     +....                  (no boots)
Stlth    ..........             t - amulet of guardian spirit
HPRegen  0.16/turn              h - ring of see invisible
MPRegen  0.11/turn              s - ring of willpower

@: no status effects
A: negative energy resistance 1, electricity resistance, unbreathing,
petrification resistance, miasma immunity, AC +6
a: no special abilities


You were on level 5 of the Dungeon.
You visited 2 branches of the dungeon, and saw 7 of its levels.

You collected 292 gold pieces.

Inventory:

Hand Weapons
 a - a +0 quarterstaff (weapon)
Missiles
 d - 5 throwing nets (quivered)
 e - 41 arrows
 i - 25 poisoned darts
Armour
 b - a +0 chain mail (worn)
 c - a +0 helmet (worn)
 f - a +0 cloak (worn)
Jewellery
 h - a ring of see invisible (left hand)
 s - a ring of willpower (right hand)
 t - an amulet of guardian spirit (around neck)
 v - an uncursed ring of poison resistance {unknown}
Wands
 p - a wand of charming (15)
Scrolls
 n - 2 scrolls of fear
 r - a scroll of teleportation
Potions
 g - 2 potions of lignification {unknown}
 j - 5 potions of haste {unknown}
 k - 2 potions of flight {unknown}
 l - a potion of mutation {unknown}
 m - 2 potions of heal wounds {unknown}
 q - 2 potions of attraction {unknown}


   Skills:
 - Level 2.1 Fighting
 + Level 12.0 Staves
 - Level 1.7 Throwing
 - Level 2.4 Dodging


You had 8 spell levels left.
You didn't know any spells.
Your spell library was empty.

Dungeon Overview and Level Annotations

Branches:
Dungeon (6/15)             Temple (1/1) D:4

Altars:
Ashenzari
Cheibriados
Dithmenos
Fedhas
Gozag
Hepliaklqana
Kikubaaqudgha
Qazlal
Sif Muna
Trog
Wu Jian
Yredelemnul
Zin
Lugonu


Innate Abilities, Weirdness & Mutations

You are resistant to torment.
Your stone body is resilient. (AC +6)
You are immune to poison.
You resist negative energy. (rN+)
You are resistant to electric shocks. (rElec)
You can survive without breathing.
You are immune to petrification.
You are immune to miasma.


Message History

You hit the yak.
The yak is moderately wounded.
The yak closely misses you.
You barely miss the yak.
The yak is moderately wounded.
The yak gores you but does no damage.
You sock the yak!
The yak is heavily wounded.
The yak gores you but does no damage. The yak gores you!
* * * LOW HITPOINT WARNING * * *
You hit the yak.
The yak is heavily wounded.
The yak gores you but does no damage. x2
You hit the yak.
The yak is severely wounded.
The yak gores you but does no damage.
You hit the yak but do no damage.
The yak is severely wounded.
The yak gores you!
You die...

......##.......##...#......#
....................#......#
...............##...#......#
........)......##...#......#
.......).)......#...#......#
......##........'...#......#
......##.......##...#......#
......##.....).##...#......#
...............Y@...#......######
........####.####Y..#............
#######.##.....##...#............
........#.......#...'............
........#.......#..##............
............_....................
........#.......#..........######
........#.......#........()'.....
........##.....##..........#.....


You could see 2 yaks.

Vanquished Creatures
  3 yaks
  A black bear (D:6)
  3 ice beasts
  A necrophage (D:3)
  An orc warrior (D:4)
  A sky beast (D:6)
  An ogre (D:6)
  2 phantoms
  A bullfrog zombie (D:5)
  4 hounds
  5 orc priests
  A bullfrog skeleton (D:5)
  2 orc wizards
  3 worker ants (D:4)
  4 gnolls
  8 adders
  2 shadow imps (D:6)
  2 white imps (D:5)
  An ooze (D:5)
  An adder skeleton (D:4)
  3 worms
  3 dart slugs
  A leopard gecko (D:2)
  19 orcs
  6 bats
  2 giant cockroaches
  2 goblins (D:3)
  5 hobgoblins
  4 jackals (D:3)
  6 kobolds
  3 quokkas
  A ball python (D:1)
  A ball python skeleton (D:4)
  7 frilled lizards
  A giant cockroach zombie (D:5)
  10 rats
121 creatures vanquished.

Vanquished Creatures (others)
  A hound (D:4)
1 creature vanquished.

Grand Total: 122 creatures vanquished

Notes
Turn   | Place    | Note
-------+----------+-------------------------------------------
     0 | D:1      | HoaS the Gargoyle Gladiator began the quest for the Orb.
     0 | D:1      | Reached XP level 1. HP: 12/12 MP: 1/1
    63 | D:1      | Reached XP level 2. HP: 17/17 MP: 2/2
   371 | D:1      | Reached skill level 4 in Staves
   716 | D:1      | Reached XP level 3. HP: 21/21 MP: 3/3
   854 | D:2      | Reached XP level 4. HP: 24/26 MP: 4/4
  1296 | D:2      | Reached skill level 5 in Staves
  1930 | D:3      | Found an opulent altar of Gozag.
  2003 | D:3      | Reached XP level 5. HP: 25/30 MP: 5/5
  2185 | D:3      | Noticed a necrophage
  2206 | D:3      | Killed a necrophage
  2207 | D:3      | Reached skill level 6 in Staves
  2465 | D:3      | Reached XP level 6. HP: 35/35 MP: 6/6
  2862 | D:4      | Found a shadowy altar of Dithmenos.
  2867 | D:4      | Found a blossoming altar of Fedhas.
  3097 | D:4      | Found a staircase to the Ecumenical Temple.
  3221 | D:4      | Reached skill level 7 in Staves
  3303 | D:4      | Found a broken altar of Ashenzari.
  3499 | Temple   | Entered the Ecumenical Temple
  3788 | D:5      | Entered Level 5 of the Dungeon
  3814 | D:5      | Noticed an ice beast
  3849 | D:5      | Killed an ice beast
  3860 | D:5      | Reached XP level 7. HP: 10/40 MP: 2/7
  4133 | D:4      | Reached skill level 8 in Staves
  4736 | D:5      | Found a stormy altar of Qazlal.
  4751 | D:5      | Reached skill level 9 in Staves
  4776 | D:5      | Reached XP level 8. HP: 44/44 MP: 8/8
  5078 | D:6      | Reached skill level 10 in Staves
  5535 | D:6      | Paralysed by an orc for 7 turns
  5742 | D:6      | Reached skill level 11 in Staves
  5774 | D:6      | Noticed a yak
  5782 | D:6      | Noticed a yak
  5783 | D:6      | Noticed a yak
  5784 | D:6      | Noticed a yak
  5786 | D:6      | Noticed a yak
  5788 | D:6      | Killed a yak
  5789 | D:6      | Reached XP level 9. HP: 32/48 MP: 6/9
  6120 | D:5      | Reached skill level 12 in Staves
  6124 | D:5      | HP: 1/48 [yak (6)]
  6127 | D:5      | Mangled by a yak

Illustrated notes

Levels and vault maps discovered:
D:1:      dpeg_arrival_court, layout_loops_ring, minmay_crystal_room
D:2:      layout_basic
D:3:      layout_basic, lemuel_doored_altar
D:4:      layout_loops_cross, marbit_many_paths, grunt_temple_overflow_open,
          minmay_temple_entry_nine_rooms, portal_sewer_entry_d,
          lemuel_flame_loot_1
D:5:      layout_gridville, old_standard_altar
D:6:      layout_basic, gammafunk_ghost_necromancy, uniq_edmund
Temple:   corrupted_temple

Skill      XL: |  1  2  3  4  5  6  7  8  9 |
---------------+----------------------------+-----
Staves         | 4 5 6 7 9 11 12 | 12.0
Fighting       | |  2.1
Throwing       | |  1.7
Dodging        | |  2.4

Action                   |  1- 3 |  4- 6 |  7- 9 || total
-------------------------+-------+-------+-------++-------
Melee: Quarterstaff      |    68 |   176 |   278 ||   522
Throw: Throwing net      |       |     2 |     1 ||     3
  Use: Scroll            |       |    11 |     2 ||    13
       Potion            |       |       |     1 ||     1
 Stab: Held in net/web   |       |     2 |     1 ||     3
Armor: Leather armour    |    24 |    10 |       ||    34
       Ring mail         |       |    49 |       ||    49
       Scale mail        |       |    56 |       ||    56
       Chain mail        |       |       |   163 ||   163
Dodge: Dodged            |    54 |   133 |   109 ||   296

Table legend: (Time is in decaauts)
 A = Elapsed time spent in this place.
 B = Non-inter-level travel time spent in this place.
 C = Inter-level travel time spent in this place.
 D = Time resting spent in this place.
 E = Time spent auto-exploring this place.
 F = Levels seen in this place.
 G = Mean time per level.
                   A        B        C        D        E       F      G
               +--------+--------+--------+--------+--------+-----+--------+
         Total |   6096 |   5742 |    354 |   1587 |   3065 |   7 |  870.9 |
       Dungeon |   6037 |   5684 |    353 |   1587 |   3025 |   6 | 1006.2 |
        Temple |     59 |     59 |      0 |      0 |     40 |   1 |   59.0 |
               +--------+--------+--------+--------+--------+-----+--------+

Top non-repeatable levels by time:
     D:5: 1591 daAuts
     D:4: 1329 daAuts
     D:2: 916 daAuts
     D:3: 894 daAuts
     D:1: 852 daAuts
     D:6: 452 daAuts
  Temple: 59 daAuts
